 Dungeon Crawl Stone Soup version 0.30.1-11-g7821555f0a (webtiles) character file.

Game seed: 12007700112964459435

273 Gabide the Shooter (level 6, -14/46 (47) HPs)
             Began as a Barachi Hunter on Nov 12, 2023.
             Demolished by Crazy Yiuf
             ... wielding a +2 quarterstaff of chaos
              (16 damage)
             ... on level 2 of the Dungeon.
             The game lasted 00:04:56 (1104 turns).

Gabide the Shooter (Barachi Hunter)                 Turns: 1104, Time: 00:04:57

HP:   -14/46 (47)   AC:  4    Str: 13    XL:     6   Next: 24%
MP:   8/8           EV: 12    Int:  9    God:
Gold: 50            SH:  0    Dex: 17    Spells: 5/5 levels left

rFire   . . .        a - +0 shortbow
rCold   . . .        (shield currently unavailable)
rNeg    . . .        c - +0 leather armour
rPois   .            (no helmet)
rElec   .            (no cloak)
rCorr   +            (no gloves)
SInv    .            i - +0 pair of boots
Will    .....        (no amulet)
Stlth   ++           g - ring of resist corrosion
HPRegen 0.27/turn    (no ring)
MPRegen 0.11/turn

%: no passive effects
@: unable to hop, lightly drained, slow
A: amphibious, slowness 1, strong legs 1, +LOS
a: Hop


You were on level 2 of the Dungeon.
You visited 1 branch of the dungeon, and saw 2 of its levels.

You collected 50 gold pieces.

Inventory:

Hand Weapons
 a - a +0 shortbow (weapon)
Armour
 c - a +0 leather armour (worn)
 f - a +0 ring mail
 i - a +0 pair of boots (worn)
Jewellery
 g - a ring of resist corrosion (left hand)
Scrolls
 d - a scroll of identify
Potions
 b - a potion of attraction
 h - a potion of cancellation {unknown}
 j - a potion of curing


   Skills:
 - Level 3.0 Fighting
 * Level 5.6 Ranged Weapons
 - Level 3.0 Dodging
 - Level 1.0 Stealth
 * Level 3.3 Invocations


You had 5 spell levels left.
You didn't know any spells.
Your spell library contained the following spells:

 Spells                   Type           Power      Damage    Failure   Level
 Beastly Appendage        Tmut           0%         N/A       45%         1
 Wereblood                Tmut           0%         N/A       61%         2
 Spider Form              Tmut/Pois      0%         N/A       83%         3


Dungeon Overview and Level Annotations

Branches:
Dungeon (2/15)

Altars:

Annotations:
D:2 Crazy Yiuf


Innate Abilities, Weirdness & Mutations

You are amphibious.
You cover ground slowly.
You can hop short distances.
You have an extended range of vision and can be seen from far away.


Message History

Fire: a) +0 shortbow
Press: ? - help, Shift-Dir - straight line, f - Crazy Yiuf
Aim: Crazy Yiuf, wielding a +2 quarterstaff of chaos and wearing a +0 cloak (translocational energy, lightly wounded, 66% to hit)
You shoot an arrow. The arrow hits Crazy Yiuf.
Crazy Yiuf is moderately wounded.
Crazy Yiuf says, "Announcement!
Hah cloud turtle."
Fire: a) +0 shortbow
Press: ? - help, Shift-Dir - straight line, f/p - Crazy Yiuf
Aim: Crazy Yiuf, wielding a +2 quarterstaff of chaos and wearing a +0 cloak (moderately wounded, 66% to hit)
You shoot an arrow. The arrow hits Crazy Yiuf.
Crazy Yiuf is moderately wounded.
Crazy Yiuf flaps his cloak.
Fire: a) +0 shortbow
Press: ? - help, Shift-Dir - straight line, f/p - Crazy Yiuf
Aim: Crazy Yiuf, wielding a +2 quarterstaff of chaos and wearing a +0 cloak (moderately wounded, 66% to hit)
You shoot an arrow. The arrow hits Crazy Yiuf.
Crazy Yiuf is heavily wounded.
Okay, then.
Crazy Yiuf attacks as you move away!
Crazy Yiuf hits you with a +2 quarterstaff of chaos!
You feel drained.
Crazy Yiuf yells, "Line agre light!"
Crazy Yiuf hits you with a +2 quarterstaff of chaos.
* * * LOW HITPOINT WARNING * * *
Crazy Yiuf draws strength from your wounds!
Press: ? - help, v - describe, . - travel
Here: Crazy Yiuf, wielding a +2 quarterstaff of chaos and wearing a +0 cloak (moderately wounded)
The floor.
Unknown command.
Unknown command.
Crazy Yiuf attacks as you move away! Crazy Yiuf misses you.
Your legs are too worn out to hop.
Fire: a) +0 shortbow
Press: ? - help, Shift-Dir - straight line, f/p - Crazy Yiuf
Aim: Crazy Yiuf, wielding a +2 quarterstaff of chaos and wearing a +0 cloak (moderately wounded, 66% to hit)
You shoot an arrow. The arrow completely misses Crazy Yiuf.
Crazy Yiuf hits you with a +2 quarterstaff of chaos!
* * * LOW HITPOINT WARNING * * *
You are electrocuted!
You die...

######
##....###############
##...#.g@...)........#
#....####.##########.#
#....# #.# #.# ♣....♣
#.# #.# ####### ♣...♣♣
#.# #.## ......# ♣♣.♣♣
#.####### #..##
####### ♣.♣♣ #.......#
##.#.## ♣♣.♣
#.#####.###.###.# ♣.♣♣
#........#.## ##.


You could see Crazy Yiuf.

Vanquished Creatures
  Sigmund (D:2)
  Jessica (D:2)
  5 adders (D:2)
  2 dart slugs
  2 ball pythons (D:2)
  2 bats (D:2)
  2 endoplasms (D:2)
  2 goblins
  4 hobgoblins (D:2)
  4 jackals (D:2)
  5 kobolds (D:2)
  A quokka (D:2)
  3 frilled lizards
  4 rats (D:2)
38 creatures vanquished.

Notes
Turn   | Place    | Note
-------+----------+-------------------------------------------
     0 | D:1      | Gabide the Barachi Hunter began the quest for the Orb.
     0 | D:1      | Reached XP level 1. HP: 17/17 MP: 1/1
    99 | D:1      | Reached skill level 1 in Stealth
   127 | D:1      | You fall into a shaft and drop 1 floor!
   135 | D:2      | Reached XP level 2. HP: 23/23 MP: 2/2
   165 | D:2      | Reached skill level 1 in Invocations
   193 | D:2      | Reached XP level 3. HP: 28/28 MP: 3/3
   229 | D:2      | Noticed Jessica
   244 | D:2      | Killed Jessica
   339 | D:2      | Found a runed translucent door.
   340 | D:2      | Noticed Crazy Yiuf
   521 | D:2      | Reached XP level 4. HP: 35/35 MP: 5/5
   727 | D:2      | Noticed Sigmund
   730 | D:2      | Killed Sigmund
   731 | D:2      | Reached skill level 5 in Ranged Weapons
   731 | D:2      | Reached XP level 5. HP: 41/41 MP: 5/7
   731 | D:2      | Reached XP level 6. HP: 47/47 MP: 5/8
  1104 | D:2      | HP: 2/46 [Crazy Yiuf/+2 quarterstaff of chaos (10)]
  1104 | D:2      | Demolished by Crazy Yiuf

Illustrated notes

Levels and vault maps discovered:
D:1:      minmay_arrival_four_houses, layout_loops_ring,
          dreamdust_ecumenical_altar_hidden_monk_grotto
D:2:      layout_loops_ring, minmay_between, uniq_crazy_yiuf_cottage,
          uniq_jessica, uniq_sigmund

Skill      XL: |  1  2  3  4 |
---------------+-------------+-----
Stealth        | 1 |  1.0
Invocations    | 1 3 |  3.3
Fighting       | 3 |  3.0
Ranged Weapons | 5 |  5.6
Dodging        | 3 |  3.0

Action                     |  1- 3 |  4- 6 || total
---------------------------+-------+-------++-------
   Fire: Shortbow          |    70 |    63 ||   133
Ability: Hop               |     2 |     2 ||     4
    Use: Potion            |     1 |       ||     1
         Scroll            |       |     3 ||     3
 Armour: Leather armour    |    18 |     7 ||    25
  Dodge: Dodged            |    29 |    11 ||    40
